 Dungeon Crawl Stone Soup version 0.30-a0-40-gc6d0f036a7 (webtiles) character file.

Game seed: 15891707450501123266

79 ytrimaz the Insei (level 4, -10/28 HPs)
             Began as an Octopode Transmuter on Aug 29, 2022.
             Mangled by a goblin
             ... wielding a +0 dagger of distortion
             ... led by Robin
              (18 damage)
             ... on level 2 of the Dungeon.
             The game lasted 00:01:54 (2582 turns).

ytrimaz the Insei (Octopode Transmuter)             Turns: 2582, Time: 00:01:54

Health: -10/28     AC:  2    Str:  9    XL:     4   Next: 37%
Magic:  2/7        EV: 19    Int: 17    God:
Gold:   874        SH:  0    Dex: 17    Spells: 1/7 levels left

rFire   . . .      SeeInvis .      - Unarmed
rCold   . . .      Faith    .    (shield currently unavailable)
rNeg    . . .      Spirit   .    (helmet currently unavailable)
rPois   x          Reflect  .    (no amulet)
rElec   .          Harm     .    (no ring)
rCorr   .          Rampage  .    (no ring)
Will    .....                    (no ring)
Stlth   ++........               (no ring)
HPRegen 0.09/turn                (no ring)
MPRegen 0.10/turn                (no ring)
                                 (no ring)
                                 (no ring)

@: spider-form, wereblooded
A: venomous fangs, almost no armour, (amphibious), 8 rings, tiny, (camouflage
1), (gelatinous body 1), (nimble swimmer 1), (tentacles)
a: End Transformation


You were on level 2 of the Dungeon.
You were a venomous arachnid creature.
You visited 1 branch of the dungeon, and saw 2 of its levels.

You collected 874 gold pieces.

Inventory:

Potions
 a - a potion of lignification
 b - 2 potions of attraction
 c - a potion of magic {unknown}
 e - a potion of curing {unknown}


   Skills:
 - Level 1.0 Fighting
 - Level 2.0 Dodging
 - Level 4.1 Unarmed Combat
 + Level 2.3 Spellcasting
 + Level 2.4 Transmutations
 * Level 2.1 Poison Magic


You had one spell level left.
You knew the following spells:

 Your Spells              Type           Power      Damage    Failure   Level
a - Beastly Appendage     Tmut           20%        N/A       19%         1
b - Wereblood             Tmut           10%        N/A       26%         2
c - Spider Form           Tmut/Pois      9%         N/A       43%         3

Your spell library contained the following spells:

 Spells                   Type           Power      Damage    Failure   Level
 Ice Form                 Ice/Tmut       6%         N/A       89%         4


Dungeon Overview and Level Annotations

Branches:
Dungeon (2/15)

Altars:

Annotations:
D:2 Robin


Innate Abilities, Weirdness & Mutations

You are a venomous arachnid creature.
You have poisonous fangs.
You are tiny and dextrous.
Your spellcasting is less reliable in this form.
Your armour is entirely melded.
You are incapable of wielding weapons or throwing items.
You cannot wear most types of armour.
((You are amphibious.))
You can wear up to eight rings at the same time.
((Your skin changes colour to match your surroundings (Stealth+).))
((Your rubbery body absorbs attacks. (AC +1, EV +1)))
((You are camouflaged when in or above water. (Stealth+)))
((You have tentacles for arms and can constrict up to eight enemies at once.))


Message History

You hit the goblin.
You feel a bit better.
You kill the goblin!
The hobgoblin misses you. The hobgoblin hits you.
A goblin comes into view. It is wielding a +0 dagger.
Unknown command.
You barely miss the goblin. The hobgoblin misses you.
The goblin hits you with a +0 dagger.
The hobgoblin hits you but does no damage.
You closely miss the goblin.
You hiss as the wereblood boils in your veins!
You hear a shout!
Robin throws the goblin at you!
The hobgoblin hits you but does no damage.
The goblin barely misses you. The hobgoblin barely misses you.
Unknown command.
You hiss as the wereblood boils in your veins!
Robin throws the goblin at you! The hobgoblin completely misses you.
The hobgoblin misses you. The goblin closely misses you.
The goblin hits you but does no damage. The hobgoblin closely misses you.
The goblin closely misses you.
Things that are here:
a +0 club; a +0 club You barely miss the goblin.
Robin throws the goblin at you! The hobgoblin hits you.
The hobgoblin misses you. The goblin misses you.
The hobgoblin barely misses you. The goblin completely misses you.
The goblin misses you. The goblin closely misses you.
Unknown command.
You are too injured to fight recklessly!
You bite the goblin!
You feel a bit better.
You kill the goblin!
You hiss as the wereblood boils in your veins!
The quokka misses you.
Robin roars a battlecry!
The goblins go into a battle-frenzy!
The hobgoblin misses you. The hobgoblin hits you!
The goblin hits you with a +0 dagger of distortion.
* * * LOW HITPOINT WARNING * * *
Space warps horribly around you!!
Ouch! That really hurt!
You die...

#.## #.....# .### #.#
#.....# #.... #.#
#.....# #..... #.#
#..)..# #...... #.#
####..## ..=.... #.#
#...# ......g #.#
####...####g...... #.#
#......gggg......g #.#
#......)sgg....... #.#
#......ggr.#...... #.#
#................. # #.#
####.#.#...#..##..
###.## #...#...#.### #
.##..# ##...........
.###.########...#.......
...#............#.#.....
##.#####.....#>.........


You could see Robin, a quokka, 5 hobgoblins and 3 goblins.

Vanquished Creatures
  2 adders (D:2)
  3 dart slugs
  6 endoplasms
  2 giant cockroaches
  10 goblins
  6 hobgoblins
  6 kobolds
  A quokka (D:1)
  4 ball pythons
  3 bats (D:1)
  3 frilled lizards
  3 rats (D:1)
49 creatures vanquished.

Notes
Turn   | Place    | Note
-------+----------+-------------------------------------------
     0 | D:1      | ytrimaz the Octopode Transmuter began the quest for the
                  | Orb.
     0 | D:1      | Reached XP level 1. HP: 13/13 MP: 3/3
   377 | D:1      | Reached XP level 2. HP: 7/18 MP: 3/5
   909 | D:1      | Reached skill level 4 in Unarmed Combat
  1125 | D:1      | Reached XP level 3. HP: 23/23 MP: 6/6
  1217 | D:1      | Learned a level 2 spell: Wereblood
  1221 | D:1      | Learned a level 3 spell: Spider Form
  1270 | D:1      | Found a faded altar of an unknown god.
  1730 | D:1      | Reached skill level 1 in Poison Magic
  2186 | D:2      | Reached XP level 4. HP: 17/28 MP: 5/7
  2425 | D:2      | Identified a scroll of acquirement
  2442 | D:2      | Acquired 781 gold pieces
  2570 | D:2      | Noticed Robin
  2582 | D:2      | Mangled by a goblin

Illustrated notes

Levels and vault maps discovered:
D:1:      dpeg_arrival_lava_altar, layout_basic,
          hellmonk_ecumenical_altar_slurped_away
D:2:      layout_rooms, serial_shops, shop, minmay_split_cup_small, uniq_robin,
          uniq_sigmund

Skill      XL: |  1  2  3  4 |
---------------+-------------+-----
Unarmed Combat | 4 |  4.1
Poison Magic   | 1 2 |  2.1
Fighting       | |  1.0
Dodging        | |  2.0
Spellcasting   | |  2.3
Transmutations | |  2.4

Action                   |  1- 3 |  4- 6 || total
-------------------------+-------+-------++-------
Melee: Unarmed           |    81 |    21 ||   102
       Constrict         |    17 |     4 ||    21
       Kick              |    13 |     3 ||    16
       Tentacles         |    10 |     5 ||    15
       Punch             |     1 |       ||     1
 Cast: Beastly Appendage |    19 |     2 ||    21
       Spider Form       |       |     1 ||     1
       Wereblood         |       |     1 ||     1
  Use: Scroll            |     2 |     2 ||     4
 Stab: Sleeping          |     6 |       ||     6
Armor: Skin              |     7 |     3 ||    10
Dodge: Dodged            |    62 |    29 ||    91

Table legend: (Time is in decaauts)
 A = Elapsed time spent in this place.
 B = Non-inter-level travel time spent in this place.
 C = Inter-level travel time spent in this place.
 D = Time resting spent in this place.
 E = Time spent auto-exploring this place.
 F = Levels seen in this place.
 G = Mean time per level.
                   A        B        C        D        E       F      G
               +--------+--------+--------+--------+--------+-----+--------+
         Total |   2575 |   2554 |     21 |      0 |   2250 |   2 | 1287.5 |
       Dungeon |   2575 |   2554 |     21 |      0 |   2250 |   2 | 1287.5 |
               +--------+--------+--------+--------+--------+-----+--------+

Top non-repeatable levels by time:
     D:1: 1896 daAuts
     D:2: 678 daAuts
